AoeStats
← 大王同学

Coastal Forest

503185781Analyzed
4v4 RM · 1mo ago on Aug 30, 2026· 56m 1s· 8 players
Game mode
Random Map
Map size
Large (8 player)
Population
200
Speed
Normal
Resources
Standard
Victory
Conquest
Starting age
Dark Age
Ending age
Imperial Age
RankedLock teamsTeams togetherTeam positionsShared explorationLock speedFull tech treeHidden civsTurbo modeCheats
Victory
Defeat
🇺🇸 Cumans · United States
1340
+17
🇮🇳 Turks · India
1308
+18
🇺🇸 Celts · United States
1304
+18
🇺🇸 Spanish · United States
1272
+20
🇨🇳 Wei · China
1420
-21
1393
-20
🇦🇷 Mongols · Argentina
1309
-16
🇭🇰 Mapuche · Hong Kong SAR China
1293
-15
Rett Mikhal
2:40 Loom
13:50 Feudal Age
15:13 Wheelbarrow
14:37 Double-Bit Axe
20:50 Castle Age
18:36 Horse Collar
20:04 Forging
19:59 Scale Barding Armor
21:22 Bloodlines
20:54 Demolition Ship
23:11 Heavy Plow
24:56 Iron Casting
26:01 Medium Warships
26:21 Hand Cart
27:18 Chain Barding Armor
27:15 Gold Mining
27:28 Fletching
27:47 Town Watch
28:45 Gold Shaft Mining
28:16 Stone Mining
30:19 Bow Saw
30:21 Light Cavalry
32:10 Capped Ram
37:27 Imperial Age
36:01 Bodkin Arrow
37:21 Steppe Husbandry
38:23 Ballistics
38:11 Siege Ram
38:43 Hussar
42:00 Cuman Mercenaries
43:46 Chemistry
42:49 Fishing Lines
44:08 Conscription
44:33 Plate Barding Armor
43:59 Padded Archer Armor
45:01 Blast Furnace
44:25 Elite Kipchak
44:55 Elite Steppe Lancer
47:06 Leather Archer Armor
46:54 Squires
47:30 Crop Rotation
48:03 Two-Man Saw
48:12 Hoardings
52:10 Scale Mail Armor
genghis bong
6:59 Loom
9:11 Feudal Age
9:51 Double-Bit Axe
10:16 Double-Bit Axe
11:29 Horse Collar
15:05 Scale Barding Armor
15:20 Forging
16:21 Wheelbarrow
20:01 Castle Age
18:04 Gold Mining
19:08 Bloodlines
21:06 Chain Barding Armor
20:08 Light Cavalry
21:11 Scale Mail Armor
22:12 Fletching
25:06 Husbandry
26:04 Bow Saw
26:14 Heavy Plow
26:33 Stone Mining
28:15 Iron Casting
38:08 Hand Cart
44:17 Imperial Age
45:39 Pikeman
47:09 Conscription
46:23 Hussar
46:26 Cavalier
48:36 Two-Man Saw
48:25 Plate Barding Armor
48:50 Blast Furnace
47:54 Halberdier
48:35 Squires
48:36 Scale Mail Armor
53:01 Bodkin Arrow
53:22 Chain Mail Armor
55:46 Bracer
56:18 Plate Mail Armor
katzzu
8:42 Loom
10:54 Feudal Age
12:23 Double-Bit Axe
17:52 Horse Collar
22:42 Castle Age
21:41 Scale Barding Armor
35:10 Stone Mining
39:41 Imperial Age
37:35 Bow Saw
37:53 Fletching
38:35 Bodkin Arrow
39:21 Wheelbarrow
38:55 Heavy Plow
40:53 Bombard Tower
40:43 Bracer
40:45 Treadmill Crane
42:38 Artillery
42:52 Murder Holes
44:26 Masonry
45:45 Ballistics
46:34 Architecture
51:52 Two-Man Saw
GENGIS KHAN'T
9:33 Loom
11:47 Feudal Age
15:36 Castle Age
13:29 Double-Bit Axe
16:42 Bow Saw
16:15 Horse Collar
18:59 Gold Mining
19:03 Stone Mining
22:14 Scale Mail Armor
23:56 Scale Mail Armor
29:41 Chain Mail Armor
31:17 Wheelbarrow
30:28 Town Watch
35:43 Imperial Age
33:31 Hand Cart
33:41 Pikeman
34:07 Gambesons
34:34 Forging
35:35 Ballistics
37:02 Plate Mail Armor
37:43 Iron Casting
37:58 Halberdier
38:49 Arson
39:50 Elite Woad Raider
41:10 Heavy Scorpion
大王同学
6:56 Loom
9:07 Feudal Age
9:34 Double-Bit Axe
10:39 Horse Collar
10:47 Champi Runner
14:11 Scale Mail Armor
18:51 Wheelbarrow
18:50 Forging
18:33 Arson
26:14 Castle Age
25:04 Gold Mining
25:05 Stone Mining
27:25 Bow Saw
27:53 Gold Shaft Mining
27:21 Heavy Plow
28:07 Iron Casting
29:10 Hand Cart
31:28 Imperial Age
33:24 Conscription
35:02 Blast Furnace
37:40 Elite Kona
38:34 Butalmapu
40:09 Fletching
42:39 Town Watch
44:56 Crop Rotation
46:06 Bodkin Arrow
47:41 Hoardings
52:36 Ballistics
53:16 Chemistry
52:22 Siege Engineers
53:53 Champi Warrior
豹豹是只大猫咪
7:11 Loom
9:55 Feudal Age
11:25 Double-Bit Axe
11:39 Town Watch
14:14 Horse Collar
17:09 Fletching
18:06 Gold Mining
20:33 Padded Archer Armor
25:42 Castle Age
25:31 Bloodlines
25:26 Stone Mining
26:59 Bodkin Arrow
28:48 Ballistics
36:53 Thumb Ring
47:15 Imperial Age
48:00 Bracer
48:50 Parthian Tactics
49:07 Conscription
50:28 Chemistry
felixaleman1010
7:36 Loom
9:41 Feudal Age
11:15 Double-Bit Axe
13:18 Fishing Lines
16:39 Gold Mining
19:04 Castle Age
18:36 Fletching
19:50 Forging
20:22 Bloodlines
20:12 Husbandry
21:56 Medium Warships
21:45 Bodkin Arrow
22:27 Iron Casting
23:30 Gillnets
24:07 Scale Barding Armor
33:52 Imperial Age
31:19 Light Cavalry
32:24 Padded Archer Armor
33:09 Wheelbarrow
34:49 Hand Cart
34:56 Conscription
35:20 Elite Mangudai
36:16 Bracer
36:57 Heavy Camel Rider
39:22 Chain Barding Armor
40:05 Blast Furnace
43:08 Town Watch
48:07 Drill
47:59 Capped Ram
48:57 Siege Ram
51:46 Horse Collar
52:57 Hussar
羽丘白色魅魔丰川祥子
6:14 Loom
9:21 Feudal Age
12:24 Double-Bit Axe
14:51 Wheelbarrow
14:08 Fletching
18:13 Horse Collar
19:18 Padded Archer Armor
23:00 Castle Age
22:50 Gold Mining
23:17 Padded Archer Armor
23:04 Crossbowman
23:42 Bodkin Arrow
27:07 Bow Saw
28:06 Hand Cart
29:10 Thumb Ring
30:09 Ballistics
32:02 Leather Archer Armor
33:37 Horse Collar
37:29 Imperial Age
37:36 Arbalester
38:17 Stone Mining
40:53 Chemistry
40:40 Bracer
41:11 Ring Archer Armor
41:28 Heavy Plow
43:48 Conscription
43:35 Royal Heirs
45:27 Siege Engineers
45:29 Torsion Engines
45:49 Squires
45:10 Halberdier
46:04 Forging
45:54 Scale Mail Armor
45:50 Onager
Connection lost

Rejoining the realm…

Still unreachable

The connection could not be restored.

Session expired

The server has moved on; the page needs a fresh start.